 Dungeon Crawl Stone Soup version 0.25-a0-292-gaa31f046c4 (webtiles) character file.

Game seed: 9517042416653329595, levelgen mode: deterministic

70 floatRand the Insei (level 4, 33/35 HPs)
             Began as a Demonspawn Monk on Dec 15, 2019.
             Quit the game on level 3 of the Dungeon.
             The game lasted 00:01:45 (2402 turns).

floatRand the Insei (Demonspawn Monk)               Turns: 2402, Time: 00:01:46

Health: 33/35      AC:  4    Str: 13    XL:     4   Next: 4%
Magic:  4/4        EV: 12    Int: 11    God:
Gold:   128        SH:  0    Dex: 15    Spells: 3/3 levels left

rFire    . . .     SeeInvis .     - Unarmed
rCold    . . .     Gourm    .   (no shield)
rNeg     . . .     Faith    .   e - +0 leather armour (curse)
rPois    .         Spirit   .   (helmet restricted)
rElec    .         Reflect  .   (no cloak)
rCorr    .         Harm     .   o - +0 pair of gloves
MR       .....                  (no boots)
Stlth    ++........             (no amulet)
HPRegen  0.11/turn              d - ring of wizardry
MPRegen  0.09/turn              (no ring)

@: no status effects
A: antennae 1, demonic guardian 1
a: no special abilities


You were on level 3 of the Dungeon.
You were not hungry.

You visited 1 branch of the dungeon, and saw 3 of its levels.

You collected 128 gold pieces.

Inventory:

Armour
 a - a +0 robe
 e - a cursed +0 leather armour (worn)
 h - a +0 shield
 o - a +0 pair of gloves (worn)
Jewellery
 d - a ring of wizardry (left hand)
 m - an uncursed amulet of harm {unknown}
Scrolls
 c - 6 scrolls of identify {unknown}
 f - 2 scrolls of fear {unknown}
 i - a scroll of amnesia {unknown}
 k - a scroll of enchant armour {unknown}
 l - a scroll of teleportation {unknown}
Potions
 j - a potion of might {unknown}
 n - 3 potions of heal wounds {unknown}
Comestibles
 b - 5 rations
 g - 11 chunks of flesh


   Skills:
 - Level 3.0 Fighting
 - Level 2.6 Dodging
 - Level 1.7 Stealth
 + Level 4.5 Unarmed Combat


You had 3 spell levels left.
You didn't know any spells.
Your spell library was empty.

Dungeon Overview and Level Annotations

Branches:
Dungeon (3/15)

Altars:
Okawaru


Innate Abilities, Weirdness & Mutations

You have a pair of small antennae on your head.
A weak demonic guardian rushes to your aid.


Message History

You eat one of the 12 chunks of flesh.
This raw flesh tastes terrible.
An ooze comes into view.
An ooze is nearby!
An ooze is nearby!
The ooze quivers.
The ooze hits you but does no damage.
You hit the ooze.
The ooze is heavily wounded.
You hit the ooze.
The ooze is almost dead.
The ooze closely misses you.
A kobold comes into view. It is wielding a +0 mace.
The kobold shouts!
You hit the ooze.
You kill the ooze!
You have reached level 4!
You feel stronger.
Your demonic ancestry asserts itself...
A pair of antennae grows on your head!
The kobold throws a stone.
The stone hits you but does no damage.
Are you sure you want to abandon this character and quit the game? (Confirm with "yes".)

.......<........#
###..........####
########.#.#
#.#.# #.#.# #.#.#
#.#)# ##<#.#
#...@# #.....#
#...... #.%....K
#.<...### #.###.#
#. #.# # #.#


You could see a kobold.

Vanquished Creatures
  2 adders (D:2)
  An ooze (D:3)
  A worm (D:2)
  5 orcs (D:3)
  2 giant cockroaches
  6 goblins
  7 hobgoblins
  A kobold (D:1)
  2 quokkas (D:2)
  A ball python (D:2)
  5 bats
  3 frilled lizards
  3 rats (D:2)
39 creatures vanquished.

Notes
Turn   | Place    | Note
-------+----------+-------------------------------------------
     0 | D:1      | floatRand the Demonspawn Monk began the quest for the Orb.
     0 | D:1      | Reached XP level 1. HP: 18/18 MP: 1/1
   305 | D:1      | Reached skill level 3 in Unarmed Combat
   404 | D:1      | Gained mutation: A weak demonic guardian rushes to your
                  | aid. [demonic ancestry]
   404 | D:1      | Reached XP level 2. HP: 4/24 MP: 2/2
   409 | D:1      | HP: 1/24 [kobold/cursed +0 club (2)]
  1384 | D:2      | Reached XP level 3. HP: 29/29 MP: 3/3
  1564 | D:2      | Reached skill level 4 in Unarmed Combat
  1859 | D:2      | Found an iron altar of Okawaru.
  2401 | D:3      | Gained mutation: You have a pair of small antennae on your
                  | head. [demonic ancestry]
  2401 | D:3      | Reached XP level 4. HP: 33/35 MP: 4/4
  2402 | D:3      | Quit the game

Levels and vault maps discovered:
D:1:      minmay_arrival_cross, layout_basic
D:2:      layout_basic, marbit_many_paths, minmay_misc_feat_more_columns
D:3:      layout_loops_ring, zin_statuary, chequers_ecumenical_altar_lobes,
          first_ration, uniq_robin, uniq_crazy_yiuf_cottage, uniq_sigmund,
          uniq_ijyb, uniq_grinder

Skill      XL: |  1  2  3 |
---------------+----------+-----
Unarmed Combat | 3 4 |  4.5
Fighting       | |  3.0
Dodging        | |  2.6
Stealth        | |  1.7

Action                   |  1- 3 |  4- 6 || total
-------------------------+-------+-------++-------
Melee: Unarmed           |   143 |       ||   143
       Punch             |     4 |       ||     4
 Stab: Sleeping          |     2 |       ||     2
  Eat: Chunk             |     5 |       ||     5
Armor: Leather armour    |    47 |     1 ||    48
       Robe              |     1 |       ||     1
Dodge: Dodged            |   102 |       ||   102

Table legend:
 A = Non-vault XP
 B = Vault XP
 C = Vault XP percentage of total XP
 D = Non-vault monster count
 E = Vault monster count
 F = Vault count percentage of total count
                 A         B        C        D         E       F
            +---------+---------+-------+---------+---------+-------
      Total |     100 |       1 |   1.0 |      38 |       1 |   2.6
            +---------+---------+-------+---------+---------+-------
        D:1 |      24 |       0 |   0.0 |      13 |       0 |   0.0
        D:2 |      54 |       1 |   1.8 |      19 |       1 |   5.0
        D:3 |      22 |       0 |   0.0 |       6 |       0 |   0.0
            +---------+---------+-------+---------+---------+-------
